 Dungeon Crawl Stone Soup version 0.27.1-2-g3b301248ec (webtiles) character file.

Game seed: 10288821216661571434

1498 pkoi the Carver (level 8, 0/67 HPs)
             Began as a Minotaur Gladiator on Sept 24, 2021.
             Was a Follower of Nemelex Xobeh.
             Slain by an orc (8 damage)
             ... on level 6 of the Dungeon.
             The game lasted 00:05:09 (5907 turns).

pkoi the Carver (Minotaur Gladiator)                Turns: 5907, Time: 00:05:09

Health: 0/67       AC: 12    Str: 21    XL:     8   Next: 52%
Magic:  10/10      EV:  9    Int:  5    God:    Nemelex Xobeh [*.....]
Gold:   141        SH:  0    Dex: 12    Spells: 7/7 levels left

rFire    . . .     SeeInvis .   a - +2 long sword (freeze)
rCold    . . .     Faith    .   (no shield)
rNeg     . . .     Spirit   .   l - +0 chain mail
rPois    .         Reflect  .   c - +1 hat
rElec    .         Harm     .   b - +0 cloak
rCorr    .         Rampage  .   (no gloves)
Will     .....                  (no boots)
Stlth    ..........             (no amulet)
HPRegen  0.21/turn              (no ring)
MPRegen  0.12/turn              (no ring)

@: no status effects
A: horns 2, retaliatory headbutt
a: Renounce Religion, Draw Escape, Draw Destruction, Draw Summoning


You were on level 6 of the Dungeon.
You worshipped Nemelex Xobeh.
Nemelex Xobeh was aware of your devotion.
You visited 1 branch of the dungeon, and saw 6 of its levels.

You collected 141 gold pieces.

Inventory:

Hand Weapons
 a - a +2 long sword of freezing (weapon)
 e - a +0 shortbow
 o - a +0 long sword
Missiles
 d - 3 throwing nets (quivered)
 f - 18 arrows
 j - 7 boomerangs
Armour
 b - a +0 cloak (worn)
 c - a +1 hat (worn)
 l - a +0 chain mail (worn)
Potions
 h - a potion of brilliance
 i - a potion of resistance
 m - a potion of magic
 n - a potion of cancellation


   Skills:
 - Level 4.3 Fighting
 * Level 9.6 Long Blades
 - Level 2.0 Throwing
 + Level 5.4 Armour
 - Level 3.2 Dodging
 * Level 4.9 Invocations


You had 7 spell levels left.
You didn't know any spells.
Your spell library contained the following spells:

 Spells                   Type           Power      Damage    Failure   Level
 Animate Skeleton         Necr           0%         N/A       99%         1
 Apportation              Tloc           0%         N/A       99%         1
 Corona                   Hex            0%         N/A       99%         1
 Foxfire                  Conj/Fire      0%         2x1d4     99%         1
 Freeze                   Ice            0%         1d3       99%         1
 Summon Small Mammal      Summ           0%         N/A       99%         1
 Call Canine Familiar     Summ           0%         N/A       100%        3
 Conjure Flame            Conj/Fire      0%         6-21      100%        3
 Frozen Ramparts          Ice            0%         1d2       100%        3
 Inner Flame              Hex/Fire       0%         N/A       100%        3
 Ozocubu's Armour         Ice            0%         N/A       100%        3
 Portal Projectile        Hex/Tloc       0%         N/A       100%        3
 Cause Fear               Hex            0%         N/A       100%        4
 Hailstorm                Conj/Ice       0%         3d3       100%        4
 Leda's Liquefaction      Hex/Erth       0%         N/A       100%        4
 Metabolic Englaciation   Hex/Ice        0%         N/A       100%        5
 Simulacrum               Ice/Necr       0%         N/A       100%        6
 Discord                  Hex            0%         N/A       100%        8


Dungeon Overview and Level Annotations

Branches:
Dungeon (6/15)
 Temple: D:4-7

Altars:
Cheibriados
Elyvilon
Fedhas
Nemelex Xobeh
Ru
Uskayaw

Shops:
D:6 !

Annotations:
D:3 1 runed translucent door, Woods's ghost, amateur DsAK
D:4 Edmund


Innate Abilities, Weirdness & Mutations

You have a pair of horns on your head.
You reflexively headbutt those who attack you in melee.


Message History

You hear a shout!
The orc warrior barely misses you. The orc hits you with a +0 war axe.
You closely miss the orc warrior. Your headbutt misses the orc warrior.
The orc warrior is moderately wounded.
The orc warrior hits you with a +0 war axe.
The orc hits you with a +0 war axe.
You closely miss the orc warrior.
The orc warrior is moderately wounded.
The orc warrior hits you with a +0 war axe!
The orc hits you with a +0 war axe.
There are monsters nearby!
Unknown command.
You barely miss the orc warrior.
The orc warrior is moderately wounded.
The orc warrior hits you with a +0 war axe.
You completely miss the orc warrior.
The orc warrior is moderately wounded.
The orc warrior hits you with a +0 war axe.
* * * LOW HITPOINT WARNING * * *
You closely miss the orc warrior.
You headbutt the orc warrior, but do no damage.
The orc warrior is moderately wounded.
The orc warrior hits you with a +0 war axe.
* * * LOW HITPOINT WARNING * * *
You slash the orc warrior! You freeze the orc warrior.
The orc warrior is severely wounded.
The orc warrior hits you with a +0 war axe!
* * * LOW HITPOINT WARNING * * *
You hit the orc warrior but do no damage.
The orc warrior is severely wounded.
You barely miss the orc warrior.
The orc warrior is severely wounded.
The orc warrior hits you with a +0 war axe!
* * * LOW HITPOINT WARNING * * *
You slash the orc warrior! You freeze the orc warrior.
You kill the orc warrior!
You hit the orc but do no damage. The orc hits you but does no damage.
You closely miss the orc. The orc hits you with a +0 war axe!
You die...
Your body disappears without a glow.

(.# ....... ... ###
....... .. ... ....... #..
####### ....... # .. .....
......#
#.#.###########....... #
....................#
....##.###.##+##'#########
#.....oo@.##...†#### #..
#####.#######......# #..
#. #......####.. #.
#......##!... .>
+......''.... ##
#......##...#
#......##...#
#......##...#
#......##...#


You could see 2 orcs.

Vanquished Creatures
  A steam dragon (D:6)
  An acid dragon (D:5)
  Duvessa (D:4)
  A black bear (D:6)
  A necrophage (D:4)
  An orc warrior (D:6)
  An ogre (D:5)
  A centaur (D:6)
  A bullfrog (D:5)
  A gnoll sergeant (D:3)
  Dowan (D:4)
  A bullfrog zombie (D:5)
  An orc priest (D:5)
  Crazy Yiuf (D:3)
  A centaur skeleton (D:6)
  A jelly (D:6)
  2 hounds (D:4)
  An orc wizard (D:5)
  3 iguanas
  A howler monkey zombie (D:6)
  7 gnolls
  6 adders
  2 white imps
  An ufetubus (D:5)
  An adder skeleton (D:5)
  A worm (D:3)
  10 orcs
  5 ball pythons
  3 endoplasms
  A giant cockroach (D:4)
  4 goblins
  2 hobgoblins (D:1)
  3 jackals (D:2)
  5 kobolds
  A quokka (D:1)
  4 bats
  4 frilled lizards
  6 rats
89 creatures vanquished.

Notes
Turn   | Place    | Note
-------+----------+-------------------------------------------
     0 | D:1      | pkoi the Minotaur Gladiator began the quest for the Orb.
     0 | D:1      | Reached XP level 1. HP: 18/18 MP: 0/0
   138 | D:1      | Reached skill level 4 in Long Blades
   191 | D:1      | Reached XP level 2. HP: 25/25 MP: 1/1
   981 | D:2      | Reached skill level 5 in Long Blades
  1302 | D:2      | Reached XP level 3. HP: 30/30 MP: 2/2
  1609 | D:3      | Found a snail-covered altar of Cheibriados.
  1620 | D:3      | Noticed Woods's ghost (amateur DsAK)
  1623 | D:3      | Found a runed translucent door.
  1948 | D:3      | Found a runed translucent door.
  1949 | D:3      | Noticed Crazy Yiuf
  2409 | D:3      | HP: 1/30 [Crazy Yiuf (8)]
  2410 | D:3      | Killed Crazy Yiuf
  2411 | D:3      | Reached skill level 1 in Armour
  2411 | D:3      | Reached XP level 4. HP: 1/38 MP: 1/3
  2941 | D:4      | Noticed a necrophage
  2948 | D:4      | Killed a necrophage
  2949 | D:4      | Reached skill level 6 in Long Blades
  2949 | D:4      | Reached XP level 5. HP: 33/45 MP: 4/4
  3178 | D:4      | Noticed Dowan
  3178 | D:4      | Noticed Duvessa
  3195 | D:4      | Killed Duvessa
  3196 | D:4      | Reached skill level 7 in Long Blades
  3196 | D:4      | Reached XP level 6. HP: 19/52 MP: 5/5
  3202 | D:4      | Killed Dowan
  3563 | D:4      | Found a sparkling altar of Nemelex Xobeh.
  3568 | D:4      | Became a worshipper of Nemelex Xobeh the Trickster
  3866 | D:3      | Reached skill level 1 in Invocations
  4441 | D:4      | Noticed Edmund
  4533 | D:5      | Entered Level 5 of the Dungeon
  4537 | D:5      | Reached XP level 7. HP: 60/60 MP: 5/7
  4607 | D:5      | Reached skill level 8 in Long Blades
  4682 | D:5      | Found a white marble altar of Elyvilon.
  4779 | D:5      | Found a hide-covered altar of Uskayaw.
  5034 | D:5      | Found a blossoming altar of Fedhas.
  5115 | D:5      | Found a sacrificial altar of Ru.
  5165 | D:5      | Reached * piety under Nemelex Xobeh
  5194 | D:5      | Identified the +10 hand axe "Newtbane" {vorpal, Stlth+}
  5434 | D:5      | Reached XP level 8. HP: 56/67 MP: 9/9
  5583 | D:6      | Reached skill level 9 in Long Blades
  5583 | D:6      | Reached skill level 5 in Armour
  5872 | D:6      | Found Waihaul's Distillery.
  5907 | D:6      | Slain by an orc

Illustrated notes

Levels and vault maps discovered:
D:1:      lordsloth_arrival_two_stooges, layout_basic, minmay_split_cup_small
D:2:      layout_loops_ring
D:3:      layout_basic, lemuel_crystal_altar, hellmonk_ghost_happy_afterlife,
          uniq_crazy_yiuf_cottage
D:4:      layout_loops_corners, nicolae_hepliaklqana_hippocampus,
          nemelex_spade_bored_becter, uniq_duvessa, uniq_edmund
D:5:      layout_cave_pools, mainiacjoe_overflow_tiny_flanked,
          nicolae_uskayaw_murder_on_the_dancefloor,
          mainiacjoe_overflow_24_doors, elyvilon_altar_1
D:6:      layout_basic, serial_shops, nicolae_inconvenience_store, uniq_menkaure

Skill      XL: |  1  2  3  4  5  6  7  8 |
---------------+-------------------------+-----
Long Blades    | 4 5 6 7 8 9 |  9.6
Fighting       | 3 4 |  4.3
Armour         | 1 2 3 4 5 |  5.4
Invocations    | 1 3 4 |  4.9
Throwing       | |  2.0
Dodging        | |  3.2

Action                   |  1- 3 |  4- 6 |  7- 9 || total
-------------------------+-------+-------+-------++-------
Melee: Long sword        |    72 |    75 |   104 ||   251
       Headbutt          |    13 |    12 |    21 ||    46
  Use: Scroll            |     6 |       |     7 ||    13
       Potion            |       |       |     1 ||     1
Armor: Leather armour    |    15 |       |       ||    15
       Chain mail        |     3 |    28 |    63 ||    94
Dodge: Dodged            |    59 |    39 |    46 ||   144
       Rpst.: Long sword |     9 |    11 |    10 ||    30
